 Dungeon Crawl Stone Soup version 0.29.1-12-g30fa7ad0bf (webtiles) character file.

Game seed: 12740511023891057573

64848 FexLirch the Destroyer (level 14, -1/116 HPs)
             Began as a Demigod Fire Elementalist on Jan 11, 2023.
             Slain by a frost giant
             ... wielding a +2 battleaxe of freezing
              (27 damage)
             ... on level 15 of the Dungeon.
             The game lasted 01:12:00 (26796 turns).

FexLirch the Destroyer (Demigod Fire Elementalist) Turns: 26796, Time: 01:12:01

Health: -1/116     AC: 19    Str:  9    XL:     14   Next: 34%
Magic:  26/42      EV: 10    Int: 36    God:
Gold:   1015       SH:  0    Dex: 14    Spells: 10/33 levels left

rFire   + . .      SeeInvis .   C - +2 dagger "Sile" {speed, rF+}
rCold   . . .      Faith    .   S - orb {light}
rNeg    + . .      Spirit   .   M - +6 scale mail of Resourcefulness {rPois Regen+}
rPois   +          Reflect  .   n - +2 helmet of Lakit {rN+ Int+3 Stlth+}
rElec   .          Harm     .   (no cloak)
rCorr   .          Rampage  .   (no gloves)
Will    ++...                   z - +2 pair of boots
Stlth   +.........              (no amulet)
HPRegen 1.09/turn               J - ring of magical power
MPRegen 0.28/turn               a - ring of willpower

@: glowing
A: high MP 1, forlorn, divine attributes
a: no special abilities


You were on level 15 of the Dungeon.
You visited 3 branches of the dungeon, and saw 21 of its levels.

You collected 1260 gold pieces.
You spent 245 gold pieces at shops.

Inventory:

Hand Weapons
 C - the +2 dagger "Sile" (weapon) {speed, rF+}
   (You bought it in a shop on level 1 of the Dungeon)

   Attacks with this weapon are significantly faster.
   rF:        It protects you from fire.
 E - a +0 demon whip of venom
 P - the +7 broad axe of Defence {protect, *Noise Dex+4 SInv}
   (You found it on level 12 of the Dungeon)

   It grants its wielder temporary protection when it strikes (+7 to AC).
   Dex:       It affects your dexterity (+4).
   SInv:      It lets you see invisible.
   *Noise:    It may make noises in combat.
 Y - the +1 morningstar of the Lame Duck {elec, *Corrode rC+ Str+7 Int+2}
   (You found it on level 4 of the Lair of Beasts)

   It occasionally discharges a powerful burst of electricity upon striking a
   foe.
   Str:       It affects your strength (+7).
   Int:       It affects your intelligence (+2).
   rC:        It protects you from cold.
   *Corrode:  It may corrode you when you take damage.
Armour
 n - the +2 helmet of Lakit (worn) {rN+ Int+3 Stlth+}
   (You found it on level 3 of the Dungeon)

   Int:       It affects your intelligence (+3).
   rN:        It protects you from negative energy.
   Stlth:     It makes you more stealthy.
 y - the +1 ring mail of Curiosity {Str+3 Int+3}
   (You found it on level 9 of the Dungeon)

   Str:       It affects your strength (+3).
   Int:       It affects your intelligence (+3).
 z - a +2 pair of boots (worn)
 M - the +6 scale mail of Resourcefulness (worn) {rPois Regen+}
   (You found it on level 11 of the Dungeon)

   rPois:     It protects you from poison.
   Regen:     It increases your rate of health regeneration.
 S - an orb of light (worn)
Jewellery
 a - a ring of willpower (right hand)
 e - a +4 ring of slaying
 t - a ring of poison resistance
 v - a ring of willpower
 B - a ring of positive energy
 F - a ring of flight
 G - a ring of resist corrosion
 J - a ring of magical power (left hand)
 L - a ring of fire
 Q - a +4 ring of evasion
Wands
 m - a wand of acid (3)
 p - a wand of roots (15)
 H - a wand of polymorph (8)
 I - a wand of mindburst (12)
 W - a wand of charming (18)
Scrolls
 c - 3 scrolls of vulnerability
 d - 3 scrolls of noise
 f - 2 scrolls of magic mapping
 g - 11 scrolls of teleportation
 i - 4 scrolls of immolation
 j - 3 scrolls of blinking
 k - 2 scrolls of amnesia
 l - 3 scrolls of poison
 o - 6 scrolls of enchant weapon
 u - 5 scrolls of fog
 x - 6 scrolls of fear
 X - 2 scrolls of enchant armour
 Z - a scroll of torment {unknown}
Potions
 b - 5 potions of magic
 h - 5 potions of mutation
 q - 3 potions of might
 r - 2 potions of attraction
 s - 3 potions of haste
 w - 3 potions of heal wounds
 A - a potion of brilliance
 D - 5 potions of flight
 K - 3 potions of berserk rage
 N - a potion of degeneration {unknown}
 O - 7 potions of curing
 R - 2 potions of invisibility {unknown}
 T - 6 potions of lignification
 U - a potion of resistance {unknown}
Miscellaneous
 V - a phantom mirror


   Skills:
 + Level 8.6 Fighting
 - Level 4.0 Armour
 + Level 7.9 Dodging
 - Level 2.0 Stealth
 + Level 10.2 Spellcasting
 + Level 10.7 Conjurations
 - Level 8.3 Transmutations
 * Level 8.8 Fire Magic
 - Level 4.3 Ice Magic
 - Level 8.3 Air Magic


You had 10 spell levels left.
You knew the following spells:

 Your Spells              Type           Power      Damage    Failure   Level
a - Foxfire               Conj/Fire      100%       2x1d9     1%          1
b - Scorch                Fire           100%       2d10      1%          2
c - Conjure Flame         Conj/Fire      73%        6-21      1%          3
d - Flame Wave            Conj/Fire      73%        2d16      2%          4
e - Hailstorm             Conj/Ice       64%        3d14      7%          4
f - Swiftness             Air            68%        N/A       1%          3
g - Airstrike             Air            34%        2d(5-21)  4%          4
h - Static Discharge      Conj/Air       72%        3-12/arc  1%          2

Your spell library contained the following spells:

 Spells                   Type           Power      Damage    Failure   Level
 Beastly Appendage        Tmut           100%       N/A       1%          1
 Shock                    Conj/Air       100%       1d9       1%          1
 Sticky Flame             Conj/Fire      73%        2d9       2%          4
 Inner Flame              Hex/Fire       50%        N/A       8%          3
 Fireball                 Conj/Fire      36%        3d15      8%          5
 Blade Hands              Tmut           33%        N/A       14%         5
 Fulminant Prism          Conj/Hex       27%        3d14      17%         4
 Iskenderun's Mystic Bla  Conj/Tloc      54%        2d12      17%         4
 Starburst                Conj/Fire      36%        6d11      41%         6
 Corpse Rot               Necr/Pois/Air  38%        N/A       45%         4
 Animate Armour           Summ/Erth      36%        N/A       85%         4
 Dispel Undead            Necr           18%        3d11      85%         4
 Iron Shot                Conj/Erth      27%        9d6       95%         6
 Lee's Rapid Deconstruct  Erth           9%         3d8*      99%         5
 Storm Form               Tmut/Air       34%        N/A       99%         7
 Death Channel            Necr           9%         N/A       100%        6
 Ignition                 Fire           34%        3d11      100%        8
 Chain Lightning          Conj/Air       36%        3d48      100%        9


Dungeon Overview and Level Annotations

Branches:
Dungeon (15/15)            Temple (1/1) D:7            Lair (5/5) D:8
  Swamp (0/4) Lair:3        Snake (0/4) Lair:2        Slime (0/5) Lair:4
    Orc (0/2) D:11         Vaults (0/5) D:14         Depths (0/4) D:15

Shops:
D:1 (   D:7 !   D:11 *

Annotations:
D:2 Sigmund
D:5 2 transporters, Radix's ghost, novice MiBe
D:9 exclusion: obsidian statue


Innate Abilities, Weirdness & Mutations

You have an increased reservoir of magic. (+10% MP)
You shall have no god before yourself.
Your divine heritage dramatically boosts your attributes as you level up.


Message History

A wave of flame ripples out!
The flame wave engulfs the frost giant!!
The frost giant is burned terribly!
The frost giant is severely wounded.
You finish channelling waves of flame.
The frost giant casts a spell at you. The bolt of cold hits you!!!
Casting: Flame Wave (mildly dangerous; 2% risk of failure)
Confirm with . or Enter, or press ? or * to list all spells.
Casting: Flame Wave (mildly dangerous; 2% risk of failure)
Press: ? - help, Dir - look around, f - activate A wave of flame ripples out!
The flame wave engulfs the frost giant.
The frost giant is burned terribly!
The frost giant is severely wounded. (Press . to intensify the flame waves.)
The frost giant hits you with a +2 battleaxe of freezing!
The frost giant freezes you.
* * * LOW HITPOINT WARNING * * *
A wave of flame ripples out!
The flame wave engulfs the frost giant!
The frost giant is burned terribly!
The frost giant is almost dead.
The frost giant closely misses you.
A wave of flame ripples out!
The flame wave engulfs the frost giant!
The frost giant is burned terribly!
The frost giant is almost dead.
You finish channelling waves of flame.
The frost giant is no longer more vulnerable to fire.
The frost giant hits you with a +2 battleaxe of freezing!
* * * LOW HITPOINT WARNING * * *
The frost giant freezes you.
* * * LOW HITPOINT WARNING * * *
Casting: Flame Wave (mildly dangerous; 2% risk of failure)
Confirm with . or Enter, or press ? or * to list all spells.
Casting: Flame Wave (mildly dangerous; 2% risk of failure)
Press: ? - help, Dir - look around, f - activate A wave of flame ripples out!
The flame wave engulfs the frost giant.
The frost giant is almost dead. (Press . to intensify the flame waves.)
The frost giant hits you with a +2 battleaxe of freezing!!
You die...

##### +...+.# # #.>.#.#
#. ... .##### ####
#)##C##.#...# #..#
#.§§@.§.#...# #..#
#§§§.§§§#...# #..#
#§§§§§§§#...# #..#
#.#.#§#§#...# #..#
#≈..#..≈#...# #..#
#≈≈...≈≈#...# #..#
...####'####...# #..#
..............)#####..#
..(...................##


You could see a frost giant.

Vanquished Creatures
  A fire dragon (D:15)
  5 boulder beetles
  4 hydras
  A death knight (D:13)
  2 vault guards (D:14)
  3 centaur warriors
  An ogre mage (D:15)
  7 two-headed ogres
  3 tengu warriors
  Amaemon (Lair:1)
  A phantasmal warrior (D:13)
  Pikel (D:5)
  3 deep elf pyromancers
  5 cyclopes
  A manticore (D:12)
  4 elephants
  2 ice statues
  An orange demon (Lair:1)
  An unseen horror (D:12)
  2 gargoyles (D:12)
  Psyche (D:11)
  18 cane toads
  A rime drake (Lair:5)
  An efreet (D:14)
  A kobold demonologist (D:12)
  8 komodo dragons
  5 freezing wraiths
  3 polar bears
  4 trolls
  A wolf spider simulacrum (D:13)
  3 tyrant leeches (Lair:5)
  7 slime creatures
  8 dream sheep (Lair:4)
  22 blink frogs
  3 vampires
  A culicivora (shapeshifter) (D:13)
  2 shadows
  3 water elementals
  36 yaks
  4 wyverns
  10 humans (D:14)
  13 vampire mosquitoes
  A wraith (D:11)
  Grum (D:8)
  3 nagas (Lair:2)
  2 acid dragons (D:12)
  2 orc warriors (D:10)
  13 water moccasins
  11 ice beasts
  2 sky beasts
  5 ogres
  4 boggarts (D:15)
  A black bear (D:8)
  12 wolves
  14 centaurs
  2 kobold brigands (D:7)
  3 lemures (D:5)
  17 bullfrogs
  3 necrophages
  8 scorpions
  9 wights
  38 killer bees
  9 howler monkeys
  6 electric eels
  3 jellies
  5 hounds
  2 gnoll boudas
  5 orc priests
  8 orc wizards
  2 iguanas
  6 hell rats (Lair:4)
  8 gnolls
  6 adders
  3 shadow imps
  5 white imps
  2 ufetubi
  6 worms
  2 dart slugs (D:1)
  47 orcs
  8 endoplasms
  2 giant cockroaches
  7 hobgoblins
  7 quokkas
  9 ball pythons
  6 bats
  4 frilled lizards
  15 goblins
  15 kobolds
  A rat (D:1)
554 creatures vanquished.

Vanquished Creatures (collateral kills)
  10 foxfires
10 creatures vanquished.

Vanquished Creatures (others)
  A human (D:3)
  779 foxfires
  82 fungi
  139 plants
1001 creatures vanquished.

Grand Total: 1565 creatures vanquished

Notes
Turn   | Place    | Note
-------+----------+-------------------------------------------
     0 | D:1      | FexLirch the Demigod Fire Elementalist began the quest for
                  | the Orb.
     0 | D:1      | Reached XP level 1. HP: 14/14 MP: 5/5
    96 | D:1      | Reached skill level 1 in Conjurations
   824 | D:1      | Got the Essays on Frostbite and Shapeshifting
   839 | D:1      | Reached XP level 2. HP: 7/20 MP: 0/7
  1712 | D:1      | Found Alik's Antique Weapon Shoppe.
  1811 | D:1      | Learned a level 2 spell: Scorch
  2503 | D:1      | Reached XP level 3. HP: 26/26 MP: 5/9
  2975 | D:2      | Noticed Sigmund
  3311 | D:3      | Reached XP level 4. HP: 33/33 MP: 1/10
  4010 | D:3      | Identified the +2 helmet of Lakit {rN+ Int+3 Stlth+}
  4033 | D:3      | Noticed a human
  4036 | D:3      | Killed a human
  4305 | D:4      | Reached XP level 5. HP: 35/38 MP: 4/12
  4558 | D:4      | Noticed an ice beast
  4563 | D:4      | Killed an ice beast
  4564 | D:4      | Reached XP level 6. HP: 45/45 MP: 8/14
  4940 | D:4      | Noticed a water moccasin
  4943 | D:4      | Killed a water moccasin
  5142 | D:5      | Entered Level 5 of the Dungeon
  5150 | D:5      | Reached XP level 7. HP: 50/50 MP: 8/16
  5224 | D:5      | You fall into a shaft and drop 3 floors!
  5254 | D:6      | Reached skill level 5 in Fire Magic
  5382 | D:5      | Noticed Radix's ghost (novice MiBe)
  5382 | D:5      | Found a transporter.
  5382 | D:5      | Found a transporter.
  5637 | D:5      | Noticed Pikel
  5654 | D:5      | Learned a level 3 spell: Conjure Flame
  5659 | D:5      | Learned a level 4 spell: Flame Wave
  5664 | D:5      | Learned a level 4 spell: Hailstorm
  5686 | D:5      | Killed Pikel
  5687 | D:5      | Reached skill level 5 in Spellcasting
  5687 | D:5      | Reached skill level 5 in Conjurations
  5687 | D:5      | Reached skill level 1 in Ice Magic
  5687 | D:5      | Reached XP level 8. HP: 57/57 MP: 0/19
  5908 | D:1      | Bought an iridescent dagger for 175 gold pieces
  5908 | D:1      | Identified the +2 dagger "Sile" {speed, rF+} (You bought it
                  | in a shop on level 1 of the Dungeon)
  6921 | D:6      | Reached XP level 9. HP: 62/62 MP: 12/21
  7616 | D:7      | Found a staircase to the Ecumenical Temple.
  7625 | Temple   | Entered the Ecumenical Temple
  7891 | D:7      | Found Yronum's Distillery.
  7896 | D:7      | Bought a potion of heal wounds for 70 gold pieces
  8132 | D:8      | Noticed Grum
  8135 | D:8      | Reached skill level 1 in Fighting
  8138 | D:8      | Killed Grum
  8383 | D:8      | Noticed a komodo dragon
  8392 | D:8      | Killed a komodo dragon
  8396 | D:8      | Reached XP level 10. HP: 49/74 MP: 1/24
  8583 | D:8      | Found a staircase to the Lair.
  9856 | D:8      | Noticed a two-headed ogre
  9970 | D:9      | Reached skill level 5 in Dodging
 10205 | D:9      | Identified the +1 ring mail of Curiosity {Str+3 Int+3}
 10476 | D:9      | Noticed an ice statue
 10729 | D:9      | Killed an ice statue
 10885 | D:9      | Noticed an obsidian statue
 10935 | D:10     | Entered Level 10 of the Dungeon
 12255 | D:11     | Noticed a two-headed ogre
 12261 | D:11     | Killed a two-headed ogre
 12261 | D:11     | Noticed a five-headed hydra
 12262 | D:11     | Reached skill level 5 in Fighting
 12262 | D:11     | Reached XP level 11. HP: 46/86 MP: 18/27
 12576 | D:11     | Learned a level 3 spell: Swiftness
 12616 | D:11     | Found a staircase to the Orcish Mines.
 12630 | D:11     | Reached skill level 1 in Transmutations
 12630 | D:11     | Reached skill level 1 in Air Magic
 12718 | D:11     | Killed a five-headed hydra
 12916 | D:11     | Identified the +6 scale mail of Resourcefulness {rPois
                  | Regen+}
 12935 | D:11     | Found Waedalia's General Store.
 13255 | D:11     | Noticed Psyche
 13265 | D:11     | Killed Psyche
 13709 | D:11     | Noticed a two-headed ogre
 13717 | D:11     | Killed a two-headed ogre
 13889 | D:12     | Reached skill level 1 in Armour
 14078 | D:12     | Identified the +7 broad axe of Defence {protect, *Noise
                  | Dex+4 SInv}
 14400 | D:12     | Noticed a boulder beetle
 14577 | D:12     | Noticed a boulder beetle
 14588 | D:12     | Killed a boulder beetle
 14593 | D:12     | Noticed a two-headed ogre
 14595 | D:12     | Noticed a deep elf pyromancer
 14600 | D:12     | Killed a two-headed ogre
 14606 | D:12     | Noticed a boulder beetle
 14832 | D:12     | Killed a boulder beetle
 14984 | D:12     | Noticed a deep elf pyromancer
 14995 | D:12     | Killed a deep elf pyromancer
 15004 | D:12     | Killed a boulder beetle
 15139 | D:12     | Noticed a five-headed hydra
 15148 | D:12     | Killed a five-headed hydra
 15149 | D:12     | Reached XP level 12. HP: 71/96 MP: 25/29
 15351 | D:12     | Noticed a boulder beetle
 15544 | D:12     | Reached skill level 5 in Transmutations
 15544 | D:12     | Reached skill level 5 in Air Magic
 15692 | D:12     | Killed a boulder beetle
 16189 | D:13     | Noticed a death knight
 16431 | D:8      | Killed a two-headed ogre
 16723 | Lair:1   | Entered Level 1 of the Lair of Beasts
 17245 | Lair:1   | Noticed Amaemon
 17251 | Lair:1   | Killed Amaemon
 17916 | Lair:2   | Found a staircase to the Snake Pit.
 18807 | Lair:3   | Found a staircase to the Swamp.
 19166 | Lair:3   | Reached XP level 13. HP: 75/105 MP: 30/30
 20315 | Lair:4   | Reached skill level 10 in Conjurations
 20911 | Lair:4   | Found a staircase to the Slime Pits.
 21480 | Lair:4   | Identified the +1 morningstar of the Lame Duck {elec,
                  | *Corrode rC+ Str+7 Int+2}
 21493 | Lair:4   | Got the Collected Works on the Zephyr
 21819 | Lair:4   | Learned a level 4 spell: Airstrike
 21834 | Lair:5   | Entered Level 5 of the Lair of Beasts
 24744 | D:14     | Reached XP level 14. HP: 115/115 MP: 25/32
 24964 | D:14     | Found a gate to the Vaults.
 25160 | D:13     | Learned a level 2 spell: Static Discharge
 25422 | D:14     | Reached skill level 10 in Spellcasting
 25842 | D:15     | Entered Level 15 of the Dungeon
 26788 | D:15     | Found a staircase to the Depths.
 26788 | D:15     | Noticed a frost giant
 26796 | D:15     | Slain by a frost giant

Illustrated notes

Levels and vault maps discovered:
D:1:      pf_arrival_petrified_forest, layout_loops_corners, serial_shops, shop,
          shapermc_ecumenical_altar_petra, grunt_decor_clamped,
          chequers_serial_rivers_micro_e
D:2:      layout_rooms, basic_altar, uniq_sigmund, uniq_robin
D:3:      layout_basic, tgw_kikubaaqudgha, jmf_multi_god_temple
D:4:      layout_cave_pools, wad_rectangle_vault
D:5:      layout_basic, nzn_wu_jian_contemplation, gammafunk_ghost_mausoleum,
          minmay_ruined_shrine, uniq_pikel
D:6:      layout_cave_pools
D:7:      layout_cave_pools, minmay_temple_entry_junction, serial_shops,
          kennysheep_mini_moat
D:8:      wad_woods_minihive, layout_basic, due_lair_maze_entry_diamond,
          uniq_grum
D:9:      minmay_separated_statues, layout_cave_pools,
          kennysheep_decorative_pillar
D:10:     layout_basic, special_room [special_room_orc]
D:11:     layout_stronghold, orc_0_dummy, serial_shops, kennysheep_mini,
          uniq_psyche
D:12:     cheibrodos_barr_body, layout_rooms, gauntlet_entry_generic,
          minmay_misc_feat_enclosed, chequers_big_river
D:13:     layout_roguey
D:14:     layout_roguey, ximxim_vaults_locker_room
D:15:     grunt_enter_depths_snipers, layout_small_grid, hangedman_ru_absence,
          nrook_campfire, serial_bayou_lagoon_a
Temple:   nicolae_temple_two_arcs
Lair:1:   layout_small_grid, basic_altar, uniq_amaemon
Lair:2:   layout_cellular_growth, guppyfry_snake_entry_garden,
          grunt_megastairs_1
Lair:3:   layout_roguey, swamp_mist_pool
Lair:4:   layout_long_grid, slime_entry_1, chequers_serial_rivers_large_b,
          chequers_serial_rivers_small_b, ice2_lemuel
Lair:5:   minmay_lair_end_frog_pond, layout_gridlike, infiniplex_staircase_pool

Skill      XL: |  1  2  3  4  5  6  7  8  9 10 11 12 13 14 |
---------------+-------------------------------------------+-----
Conjurations   | 1 2 3 5 6 7 8 9 10 | 10.7
Stealth        | 2 |  2.0
Dodging        | 2 3 5 6 7 |  7.9
Spellcasting   | 2 3 4 5 6 8 9 10 | 10.2
Fire Magic     | 3 4 5 6 7 8 |  8.8
Ice Magic      | 1 3 4 |  4.3
Fighting       | 2 5 6 7 8 |  8.6
Transmutations | 4 6 8 |  8.3
Air Magic      | 4 6 8 |  8.3
Armour         | 2 4 |  4.0

Action                   |  1- 3 |  4- 6 |  7- 9 | 10-12 | 13-15 || total
-------------------------+-------+-------+-------+-------+-------++-------
Melee: Unarmed           |    33 |     2 |       |       |       ||    35
       Dagger            |       |     9 |    10 |    59 |    19 ||    97
       Short sword       |       |     1 |     5 |       |       ||     6
 Cast: Foxfire           |   108 |    74 |   100 |    86 |    87 ||   455
       Scorch            |     1 |    11 |    52 |   239 |   170 ||   473
       Flame Wave        |       |       |    14 |    80 |    73 ||   167
       Hailstorm         |       |       |     5 |    29 |    11 ||    45
       Conjure Flame     |       |       |       |     1 |     1 ||     2
       Airstrike         |       |       |       |       |    38 ||    38
       Swiftness         |       |       |       |       |     2 ||     2
       Static Discharge  |       |       |       |       |     3 ||     3
Evoke: Wand              |       |       |       |     4 |     1 ||     5
  Use: Scroll            |       |       |     6 |    13 |     7 ||    26
       Potion            |       |       |     1 |     1 |       ||     2
 Stab: Distracted        |       |       |       |     1 |       ||     1
Armor: Robe              |     7 |     3 |    31 |    32 |       ||    73
       Ring mail         |       |       |       |    24 |       ||    24
       Scale mail        |       |       |       |    81 |   190 ||   271
Dodge: Dodged            |    41 |    19 |    61 |   173 |   131 ||   425
